 Dungeon Crawl Stone Soup version 0.17.2-1-ge4368a0 (webtiles) character file.

24659 Goblin1989 the Brawler (level 12, 0/93 HPs)
             Began as a Demonspawn Monk on Sept 18, 2016.
             Was an Initiate of Gozag.
             Shot with a bolt of flame by a yaktaur (7 damage)
             ... in a volcano.
             The game lasted 00:58:07 (14321 turns).

Goblin1989 the Brawler (Demonspawn Monk)           Turns: 14321, Time: 00:58:08

Health: 0/93       AC: 17    Str: 22    XL:     12   Next: 82%
Magic:  12/12      EV:  8    Int: 15    God:    Gozag
Gold:   2553       SH: 13    Dex: 15    Spells: 0 memorised, 11 levels left

rFire  + . .     SeeInvis +       - Unarmed
rCold  . . .     Clarity  .     W - +1 chain mail of Eviy {MR+ Int+3}
rNeg   + . .     SustAt   .     V - +2 shield {rN+}
rPois  +         Gourm    .     (helmet restricted)
rElec  .         Spirit   .     c - +1 cloak {MR+}
rCorr  .         Warding  .     r - +0 pair of gloves of Mumblety Peg {rPois}
rMut   .         Stasis   .     (no boots)
MR     ++...                    l - amulet of regeneration
Stlth  ..........               m - ring of protection from fire
                                E - ring of see invisible

@: mighty, very resistant to hostile enchantments, extremely unstealthy
A: horns 2, slimy green scales 1, powered by pain 1
a: Potion Petition, Call Merchant, Bribe Branch, Renounce Religion


You were in a volcano.
You worshipped Gozag.
Gozag was noncommittal.
You were not hungry.

You visited 3 branches of the dungeon, and saw 16 of its levels.
You also visited: Volcano.

You collected 5370 gold pieces.
You spent 2377 gold pieces at shops.
You paid 440 gold pieces to Gozag.

Inventory:

Armour
 c - a +1 cloak of magic resistance (worn)
 r - the +0 pair of gloves of Mumblety Peg (worn) {rPois}
   (You bought it in a shop on level 4 of the Orcish Mines)

   It protects you from poison.
 V - a +2 shield of positive energy (worn)
 W - the +1 chain mail of Eviy (worn) {MR+ Int+3}
   (You bought it in a shop on level 9 of the Dungeon)

   It affects your intelligence (+3).
   It affects your resistance to hostile enchantments.
Jewellery
 h - an uncursed ring of protection from cold
 l - an amulet of regeneration (around neck)
 m - a ring of protection from fire (right hand)
 E - a ring of see invisible (left hand)
 L - an uncursed ring of protection from cold
Wands
 f - a wand of magic darts (19)
 i - a wand of digging (4)
 n - a wand of digging (12)
 F - a wand of magic darts (37)
 N - a wand of teleportation (0)
 X - a wand of disintegration (8)
 Y - a wand of invisibility (3)
Scrolls
 a - a scroll of enchant weapon
 d - a scroll of identify
 e - a scroll of random uselessness {unknown}
 u - 2 scrolls of magic mapping
 v - 5 scrolls of teleportation
 x - a scroll of fear
 y - a scroll of noise {unknown}
 A - 3 scrolls of blinking
 B - 2 scrolls of amnesia
 C - 3 scrolls of enchant armour
 D - a scroll of fog {unknown}
 J - a scroll of vulnerability {unknown}
 T - a scroll of summoning {unknown}
Potions
 g - 3 potions of agility
 j - 8 potions of curing
 k - 2 potions of might
 p - 2 potions of heal wounds
 q - 2 potions of lignification
 t - a potion of poison {unknown}
 w - a potion of haste {unknown}
 z - 2 potions of flight
 G - a potion of beneficial mutation {unknown}
 H - a potion of cancellation {unknown}
 I - a potion of invisibility
 S - a potion of resistance {unknown}
 U - 3 potions of degeneration
Comestibles
 b - 8 bread rations
 o - 6 beef jerkies
 K - 11 slices of pizza


   Skills:
 + Level 8.2 Fighting
 + Level 6.9 Armour
 - Level 2.6 Dodging
 - Level 1.7 Stealth
 + Level 6.9 Shields
 * Level 15.6 Unarmed Combat


You had 11 spell levels left.
You didn't know any spells.

Dungeon Overview and Level Annotations

Branches:
Dungeon (11/15)            Temple (0/1) D:7            Lair (1/8) D:10
    Orc (4/4) D:11            Elf (0/3) Orc:4

Altars:
Cheibriados
Dithmenos
Elyvilon
Gozag
Kikubaaqudgha
Nemelex Xobeh
Okawaru
Xom
Beogh

Shops:
D:2 *   D:5 [   D:9 [   Orc:2 %   Orc:3 (   Orc:4 *}([(*(

Portals:
Trove: D:10 (give +5 demon blade)

Annotations:
D:6 Prince Ribbit Volcano Nessos


Innate Abilities, Weirdness & Mutations

You have a pair of horns on your head.
You are partially covered in slimy green scales (AC +2).
You sometimes gain a little power by taking damage.


Message History

Nessos is severely wounded.
Nessos hits you but does no damage. You block the centaur's attack.
You hit Nessos.
Nessos is severely wounded.
Nessos blinks!
The centaur hits you but does no damage.
Nessos wields an uncursed longbow of flaming.
It bursts into flame!
Nessos shoots a poisoned arrow.
The poisoned arrow hits you! The poisoned arrow burns you.
* * * LOW HITPOINT WARNING * * *
You take 7 damage, and have 27/93 hp.
The yaktaur is no longer distracted by gold.
Nessos shoots a poisoned arrow.
The poisoned arrow hits you!!
* * * LOW HITPOINT WARNING * * *
The poisoned arrow burns you.
* * * LOW HITPOINT WARNING * * *
The centaur barely misses you.
The yaktaur shoots a bolt of flame.
The bolt of flame hits you!
You die...
Your body crumbles into a pile of gold.

##....≈≈§≈≈§§≈ #..
##...≈≈≈§≈§≈§≈≈
#...
#...§≈§≈≈≈≈≈≈≈≈
...#
#...≈≈≈≈≈§§≈≈≈§
...#
###.§≈≈≈≈≈≈≈≈≈§
#..# ##..≈≈≈§§≈≈≈§
#cc## ##..≈≈≈≈§≈≈≈
#..##
##...≈≈≈≈§≈≈≈
#@c###8....§≈≈≈≈§§
#∩$((......§≈≈≈≈§≈
#$(###8.....≈≈≈≈§≈
#..##
####....≈≈≈≈§
#..## ####......
#..# ##.#### ...#
### ...# ...


You could see Nessos, a yaktaur and a centaur.

Vanquished Creatures
  Snorg (Orc:2)
  4 ogre magi (Orc:4)
  The ghost of jkugl the Basher, a novice GrFi of Okawaru (D:10)
  2 unseen horrors (D:10)
  An orc sorcerer (Orc:3)
  A hill giant (D:11)
  An orc knight (Orc:3)
  An ugly thing (D:11)
  An elephant (D:10)
  A cyclops (Orc:2)
  Maurice (Orc:4)
  A spiny frog (Lair:1)
  A yaktaur (Volcano)
  3 trolls
  A polar bear (D:8)
  12 two-headed ogres
  A hippogriff (D:8)
  8 yaks
  A hog (D:7)
  3 fire bats (Volcano)
  Grum (D:11)
  Menkaure (D:6)
  3 wolves (D:11)
  7 humans (D:7)
  Edmund (D:6)
  A water moccasin (D:8)
  A warg (Orc:1)
  4 porcupines (D:10)
  13 orc warriors
  5 ice beasts
  2 sky beasts
  A necrophage (D:9)
  An eye of draining (D:9)
  A wasp (D:9)
  A phantom (D:9)
  2 black bears
  7 centaurs
  27 ogres
  A big kobold (D:6)
  Blork the orc (D:6)
  5 scorpions
  5 giant frogs
  6 killer bees
  3 lava snakes (Volcano)
  5 crimson imps
  6 hounds
  2 iguanas
  3 centaur zombies
  2 giant frog zombies
  2 jellies (D:9)
  Crazy Yiuf (D:6)
  A centaur skeleton (D:5)
  Ijyb (D:2)
  18 orc priests
  27 orc wizards
  2 giant frog skeletons
  6 worker ants
  4 sheep
  A killer bee zombie (D:9)
  20 adders
  3 shadow imps
  4 white imps (D:8)
  An ufetubus (D:8)
  An ooze (D:3)
  4 worms
  2 adder simulacra (D:8)
  8 giant geckos
  158 orcs
  3 ball pythons
  8 bats
  6 giant cockroaches
  15 goblins
  12 hobgoblins
  6 jackals
  10 kobolds
  4 quokkas
  A giant gecko skeleton (D:5)
  A giant gecko zombie (D:6)
  6 giant newts
  A jackal skeleton (D:7)
  A quokka skeleton (D:7)
  4 rats
506 creatures vanquished.

Vanquished Creatures (others)
  A human (D:10)
  2 plants (D:10)
3 creatures vanquished.

Grand Total: 509 creatures vanquished

Notes
Turn   | Place    | Note
--------------------------------------------------------------
     0 | D:1      | Goblin1989 the Demonspawn Monk began the quest for the Orb.
     0 | D:1      | Reached XP level 1. HP: 18/18 MP: 1/1
   113 | D:1      | Reached skill level 4 in Unarmed Combat
   117 | D:1      | Gained mutation: You are partially covered in slimy green scales (AC +2). [demonic ancestry]
   117 | D:1      | Reached XP level 2. HP: 16/24 MP: 2/2
   353 | D:1      | Reached XP level 3. HP: 25/29 MP: 3/3
   464 | D:1      | Found a sparkling altar of Nemelex Xobeh.
   585 | D:2      | Noticed Ijyb
   607 | D:2      | Killed Ijyb
   607 | D:2      | Reached skill level 5 in Unarmed Combat
   611 | D:2      | Reached XP level 4. HP: 33/35 MP: 4/4
   655 | D:2      | Found an opulent altar of Gozag.
   663 | D:2      | Found Gozag's Platinum Reserve.
   667 | D:2      | Became a worshipper of Gozag Ym Sagoz the Greedy
  1074 | D:2      | Found a snail-covered altar of Cheibriados.
  1075 | D:2      | Found an opulent altar of Gozag.
  1427 | D:2      | Reached XP level 5. HP: 39/41 MP: 5/5
  1780 | D:3      | Reached skill level 6 in Unarmed Combat
  2039 | D:3      | Found a white marble altar of Elyvilon.
  2367 | D:4      | Found Biruc's Food Shoppe.
  2374 | D:4      | Noticed a black bear
  2396 | D:4      | Killed a black bear
  2396 | D:4      | Gained mutation: You have a pair of small horns on your head. [demonic ancestry]
  2396 | D:4      | Reached XP level 6. HP: 24/47 MP: 6/6
  2401 | D:4      | Reached skill level 7 in Unarmed Combat
  2984 | D:4      | Reached XP level 7. HP: 52/52 MP: 7/7
  3322 | D:5      | Entered Level 5 of the Dungeon
  3336 | D:5      | Reached skill level 8 in Unarmed Combat
  3641 | D:5      | Found Wizay's Armour Emporium.
  4053 | D:6      | Noticed Edmund
  4075 | D:6      | Killed Edmund
  4075 | D:6      | Reached skill level 9 in Unarmed Combat
  4198 | D:6      | Gained mutation: You sometimes gain a little power by taking damage. [demonic ancestry]
  4198 | D:6      | Reached XP level 8. HP: 55/58 MP: 8/8
  4307 | D:6      | Noticed Menkaure
  4324 | D:6      | Killed Menkaure
  4480 | D:6      | Reached skill level 10 in Unarmed Combat
  4520 | D:6      | Noticed Crazy Yiuf
  4531 | D:6      | Killed Crazy Yiuf
  4668 | D:6      | Noticed Blork the orc
  4689 | D:6      | Killed Blork the orc
  4975 | D:6      | Noticed Prince Ribbit
  5082 | D:6      | Found an iron altar of Okawaru.
  5253 | D:6      | Reached skill level 11 in Unarmed Combat
  5428 | D:7      | Found a staircase to the Ecumenical Temple.
  5558 | D:7      | Reached XP level 9. HP: 31/63 MP: 9/9
  5610 | D:7      | Reached skill level 12 in Unarmed Combat
  5832 | D:4      | Bought a beef jerky for 16 gold pieces
  5832 | D:4      | Bought a slice of pizza for 16 gold pieces
  5832 | D:4      | Bought a slice of pizza for 16 gold pieces
  5832 | D:4      | Bought 4 fruits for 66 gold pieces
  5832 | D:4      | Bought a royal jelly for 22 gold pieces
  5832 | D:4      | Bought a beef jerky for 16 gold pieces
  5832 | D:4      | Bought a bread ration for 55 gold pieces
  5832 | D:4      | Bought 3 fruits for 49 gold pieces
  5832 | D:4      | Bought a beef jerky for 16 gold pieces
  5832 | D:4      | Bought a meat ration for 55 gold pieces
  5832 | D:4      | Bought a meat ration for 55 gold pieces
  5832 | D:4      | Bought a slice of pizza for 16 gold pieces
  6720 | D:8      | Reached skill level 13 in Unarmed Combat
  6786 | D:8      | Found a shadowy altar of Dithmenos.
  6795 | D:8      | Reached skill level 1 in Armour
  6813 | D:8      | Reached skill level 1 in Shields
  6813 | D:8      | Reached XP level 10. HP: 19/70 MP: 10/10
  7514 | D:9      | Found Purig's Armour Shop.
  7531 | D:9      | Bought a +2 shield of positive energy for 240 gold pieces
  7531 | D:9      | Bought the cursed +1 chain mail of Eviy {MR+ Int+3} for 330 gold pieces
  7887 | D:9      | Got an ancient quarterstaff
  8142 | D:9      | Found a shimmering altar of Xom.
  8143 | D:9      | Found a shimmering altar of Xom.
  8143 | D:9      | Found a shimmering altar of Xom.
  8144 | D:9      | Found a shimmering altar of Xom.
  8144 | D:9      | Found a shimmering altar of Xom.
  8144 | D:9      | Found a shimmering altar of Xom.
  8146 | D:9      | Found a shimmering altar of Xom.
  8146 | D:9      | Found a shimmering altar of Xom.
  8146 | D:9      | Found a shimmering altar of Xom.
  8147 | D:9      | Found a shimmering altar of Xom.
  8286 | D:10     | Entered Level 10 of the Dungeon
  8628 | D:10     | Found a staircase to the Lair.
  8628 | D:10     | Noticed an elephant
  8647 | D:10     | Killed an elephant
  8739 | D:10     | Noticed jkugl's ghost (novice GrFi)
  8744 | D:10     | Reached skill level 5 in Fighting
  8770 | D:10     | Killed jkugl's ghost
  8879 | D:10     | Found an ancient bone altar of Kikubaaqudgha.
  8967 | D:10     | Noticed an unseen horror
  8981 | D:10     | Killed an unseen horror
  8981 | D:10     | Gained mutation: You have a pair of horns on your head. [demonic ancestry]
  8981 | D:10     | Reached XP level 11. HP: 67/80 MP: 11/11
  9015 | D:10     | Found a portal to a secret trove of treasure.
  9203 | D:10     | Reached skill level 14 in Unarmed Combat
  9215 | D:10     | Noticed an unseen horror
  9230 | D:10     | Killed an unseen horror
  9991 | D:11     | Found a staircase to the Orcish Mines.
 10068 | D:11     | Noticed Grum
 10085 | D:11     | Killed Grum
 10236 | D:11     | Noticed a hill giant
 10240 | D:11     | Killed a hill giant
 10468 | Orc:1    | Entered Level 1 of the Orcish Mines
 10865 | Orc:2    | Reached skill level 5 in Shields
 10939 | Orc:2    | Reached skill level 5 in Armour
 10971 | Orc:2    | Noticed Snorg
 11033 | Orc:2    | Killed Snorg
 11054 | Orc:2    | Found Kiychijo's Food Boutique.
 11695 | Orc:1    | Found a roughly hewn altar of Beogh.
 11770 | Orc:1    | You fall through a shaft!
 11868 | Orc:3    | Found Aggoh's Antique Weapon Shop.
 11974 | Orc:3    | Found a roughly hewn altar of Beogh.
 11979 | Orc:3    | Bought a crystal hunting sling for 195 gold pieces
 11979 | Orc:3    | Bought a scorched hunting sling for 195 gold pieces
 11979 | Orc:3    | Identified the +7 hunting sling of Noon {flame, +Blink Str-3 Int+3} (You bought it in a shop on level 3 of the Orcish Mines)
 11980 | Orc:3    | Identified the +9 hunting sling "Vausapi" {flame, Int+4} (You bought it in a shop on level 3 of the Orcish Mines)
 12002 | Orc:3    | Paralysed by an orc sorcerer for 5 turns
 12272 | Orc:3    | Reached XP level 12. HP: 67/89 MP: 12/12
 12689 | Orc:4    | Entered Level 4 of the Orcish Mines
 12695 | Orc:4    | Noticed Maurice
 12746 | Orc:4    | Found Tayssohy's Assorted Antiques.
 12780 | Orc:4    | Noticed an ogre mage
 12792 | Orc:4    | Reached skill level 15 in Unarmed Combat
 12809 | Orc:4    | Found Defulu's Antique Weapon Shop.
 12817 | Orc:4    | Found Fow Deuk's Gadget Emporium.
 12817 | Orc:4    | Found Mowajec's Antique Armour Shop.
 12817 | Orc:4    | Found Fofughaq's Weapon Shoppe.
 12820 | Orc:4    | Noticed an ogre mage
 12827 | Orc:4    | Killed an ogre mage
 12865 | Orc:4    | Killed Maurice
 13042 | Orc:4    | Killed an ogre mage
 13085 | Orc:4    | Noticed an ogre mage
 13213 | Orc:4    | Bought a brightly glowing ring mail for 315 gold pieces
 13213 | Orc:4    | Bought a scroll of identify for 70 gold pieces
 13213 | Orc:4    | Bought a glowing silver wand for 140 gold pieces
 13213 | Orc:4    | Bought a forked glass wand for 140 gold pieces
 13315 | Orc:4    | Killed an ogre mage
 13345 | Orc:4    | Bought a pair of shimmering gloves for 266 gold pieces
 13355 | Orc:4    | Identified the cursed +0 pair of gloves of Mumblety Peg {rPois} (You bought it in a shop on level 4 of the Orcish Mines)
 13376 | Orc:4    | Identified the cursed +0 ring mail of the Old World {Str+4} (You bought it in a shop on level 4 of the Orcish Mines)
 13397 | Orc:4    | Found Ufergh's General Store.
 13426 | Orc:4    | Bought a scroll of amnesia for 56 gold pieces
 13426 | Orc:4    | Bought a scroll of identify for 32 gold pieces
 13457 | Orc:4    | Found Vaosch's Antique Weapon Boutique.
 13469 | Orc:4    | Found a staircase to the Elven Halls.
 14084 | Lair:1   | Entered Level 1 of the Lair of Beasts
 14167 | Lair:1   | Found a dark tunnel.
 14175 | Volcano  | Entered a volcano
 14308 | Volcano  | Noticed Nessos
 14321 | Volcano  | Shot with a bolt of flame by a yaktaur

Action                   |  1- 3 |  4- 6 |  7- 9 | 10-12 || total
-------------------------+-------+-------+-------+-------++-------
Melee: Unarmed           |   135 |   273 |   524 |  1050 ||  1982
Invok: Potion Petition   |       |       |       |     2 ||     2
  Use: Scroll            |       |       |     6 |    11 ||    17
       Potion            |       |       |       |     3 ||     3
 Stab: Sleeping          |     1 |     1 |     1 |       ||     3
       Distracted        |       |     3 |     3 |    12 ||    18
  Eat: Bread ration      |       |     2 |     2 |       ||     4
       Pizza             |       |     1 |       |       ||     1
       Royal jelly       |       |       |     2 |       ||     2
       Fruit             |       |       |       |    11 ||    11
       Meat ration       |       |       |       |     5 ||     5
